 Dungeon Crawl Stone Soup version 0.29.0-4-gdea44cf6ec (webtiles) character file.

Game seed: 2296986070129142257

16 qw the Sneak (level 2, 0/19 HPs)
             Began as a Gargoyle Delver on Sept 10, 2022.
             Slain by an ogre
             ... wielding a +0 giant club
              (19 damage)
             ... on level 4 of the Dungeon.
             The game lasted 00:00:11 (458 turns).

qw the Sneak (Gargoyle Delver)                       Turns: 458, Time: 00:00:11

Health: 0/19       AC:  5    Str: 15    XL:     2   Next: 58%
Magic:  2/2        EV: 11    Int: 10    God:
Gold:   27         SH:  0    Dex: 11    Spells: 1/1 levels left

rFire   . . .      SeeInvis .   a - +0 hand axe
rCold   . . .      Faith    .   (no shield)
rNeg    + . .      Spirit   .   b - +0 leather armour
rPois   inf        Reflect  .   (no helmet)
rElec   +          Harm     .   (no cloak)
rCorr   .          Rampage  .   (no gloves)
Will    .....                   (no boots)
Stlth   +++.......              (no amulet)
HPRegen 0.06/turn               (no ring)
MPRegen 0.08/turn               (no ring)

@: no status effects
A: sickness immunity, AC +2, negative energy resistance 1, electricity
resistance, torment resistance 1, petrification resistance
a: no special abilities


You were on level 4 of the Dungeon.
You visited 1 branch of the dungeon, and saw 2 of its levels.

You collected 27 gold pieces.


Innate Abilities, Weirdness & Mutations

You are immune to sickness and miasma.
Your stone body is resilient. (AC +2)
You are immune to poison.
You resist negative energy. (rN+)
You are resistant to electric shocks. (rElec)
You are resistant to unholy torment.
You are immune to petrification.


   Skills:
 - Level 3.2 Fighting
 + Level 2.8 Axes
 - Level 1.5 Dodging
 - Level 5.4 Stealth


You had one spell level left.
You didn't know any spells.
Your spell library was empty.

Inventory:

Hand Weapons
 a - a +0 hand axe (weapon)
Armour
 b - a +0 leather armour (worn)
 c - a +0 cloak
Wands
 g - a wand of digging (3)
Scrolls
 d - a scroll of vulnerability {unknown}
Potions
 f - a potion of haste

Dungeon Overview and Level Annotations

Branches:
Dungeon (5/15)
 Temple: D:4-7

Altars:


Message History

The endoplasm is severely wounded.
The endoplasm closely misses you.
You hit the endoplasm.
You kill the endoplasm!
You now have 27 gold pieces (gained 4).
Found a scroll of fear.
You hear the quick rusting of a very distant drain.
An orc comes into view. It is wielding a +0 short sword.
Enter note:
Enter note: The orc shouts!
You hear a shout!
You hit the orc.
The orc is moderately wounded.
The orc closely misses you.
You hit the orc.
The orc is heavily wounded.
The orc hits you but does no damage.
An ogre comes into view. It is wielding a +0 giant club.
The orc barely misses you.
You hit the orc.
You kill the orc!
You hit the ogre.
The ogre is lightly wounded.
The ogre barely misses you.
You barely miss the ogre.
The ogre is lightly wounded.
You hit the ogre.
The ogre is moderately wounded.
The ogre barely misses you.
An orc comes into view. It is wielding a +0 whip.
456 ||| Stepping ~*~*~tactically~*~*~ (stealth).
You hit the ogre.
The ogre is heavily wounded.
The ogre closely misses you.
You hit the ogre.
The ogre is heavily wounded.
An orc comes into view.
It is wielding a +2 falchion of holy wrath.
The ogre hits you with a +0 giant club!!
Ouch! That really hurt!
You die...

.........#...... ...
.....#..###..#.... ..
....###.....###.. .##
###..#.......#..###..####
#...............#.....o.
......#.....#.........#
......##...##.........#
......#.....#....O)...#
.#..............@#.......
###..#.......#..###..#...
...###.....###.....## o
... #..###..#.......# .
.... ............. .#...
.....#.....###
#.........##...## #.
.......# #... .#... ....


You could see an ogre and an orc (wandering).

Vanquished Creatures
  An adder (D:4)
  A dart slug (D:4)
  An orc (D:4)
  An endoplasm (D:4)
  A hobgoblin (D:4)
5 creatures vanquished.

Notes
Turn   | Place    | Note
-------+----------+-------------------------------------------
     0 | D:5      | qw the Gargoyle Delver began the quest for the Orb.
     0 | D:5      | Reached XP level 1. HP: 14/14 MP: 1/1
     0 | D:5      | 0 ||| qw: Version: 0.1-a-117-gfe26ee0
     0 | D:5      | 0 ||| qw: Game counter: 9595
     0 | D:5      | 0 ||| qw: Always use a shield: true
     0 | D:5      | 0 ||| qw: God list: Okawaru
     0 | D:5      | 0 ||| qw: Allow faded altars: false
     0 | D:5      | 0 ||| qw: Do Orc after D:15 true
     0 | D:5      | 0 ||| qw: Do second Lair branch before Depths: true
     0 | D:5      | 0 ||| qw: Lair rune preference: random
     0 | D:5      | 0 ||| qw: Plans: Normal
     0 | D:5      | 0 ||| PLANNING D:1-11
     8 | D:5      | 8 ||| DROPPING scroll of fog.
     9 | D:5      | 9 ||| DROPPING scroll of magic mapping.
    10 | D:5      | 10 ||| DROPPING scroll of fear.
    19 | D:4      | 19 ||| PLANNING SEWER
   220 | D:4      | Reached XP level 2. HP: 12/19 MP: 2/2
   352 | D:4      | 352 ||| Stepping ~*~*~tactically~*~*~ (stealth).
   358 | D:4      | 358 ||| Stepping ~*~*~tactically~*~*~ (stealth).
   360 | D:4      | 360 ||| Stepping ~*~*~tactically~*~*~ (stealth).
   363 | D:4      | 363 ||| Stepping ~*~*~tactically~*~*~ (stealth).
   396 | D:4      | 396 ||| Stepping ~*~*~tactically~*~*~ (stealth).
   449 | D:4      | Noticed an ogre
   456 | D:4      | 456 ||| Stepping ~*~*~tactically~*~*~ (stealth).
   458 | D:4      | Slain by an ogre

Levels and vault maps discovered:
D:4:      nicolae_cairo_tiling_large_dashed, layout_gridville,
          gup_sewer_entry_spiral, uniq_edmund
D:5:      layout_loops_ring, gammafunk_ghost_hive,
          nicolae_ossuary_entry_false_entrances

Skill      XL: |  1 |
---------------+----+-----
Axes           | 2 |  2.8
Fighting       | |  3.2
Dodging        | |  1.5
Stealth        | |  5.4

Action                   || total
-------------------------++-------
Melee: Hand axe          ||    22
 Stab: Sleeping          ||     1
Armor: Leather armour    ||     2
Dodge: Dodged            ||    10

Table legend:
 A = Non-vault XP
 B = Vault XP
 C = Vault XP percentage of total XP
 D = Non-vault monster count
 E = Vault monster count
 F = Vault count percentage of total count
                 A         B        C        D         E       F
            +---------+---------+-------+---------+---------+-------
      Total |      24 |       0 |   0.0 |       5 |       0 |   0.0
            +---------+---------+-------+---------+---------+-------
        D:4 |      24 |       0 |   0.0 |       5 |       0 |   0.0
            +---------+---------+-------+---------+---------+-------
